 Dungeon Crawl Stone Soup version 0.29.1-13-g9f3cf754e1 (webtiles) character file.

Game seed: 13552963218792607927

3 theswoord the Chiller (level 1, -2/15 HPs)
             Began as a Naga Ice Elementalist on Feb 1, 2023.
             Slain by a kobold
             ... wielding a +0 dagger
              (3 damage)
             ... on level 1 of the Dungeon.
             The game lasted 00:00:23 (47 turns).

theswoord the Chiller (Naga Ice Elementalist)         Turns: 47, Time: 00:00:24

Health: -2/15      AC:  1    Str: 10    XL:     1   Next: 50%
Magic:  1/3        EV:  9    Int: 15    God:
Gold:   18         SH:  0    Dex: 11    Spells: 3/4 levels left

rFire   . . .      SeeInvis +   (no weapon)
rCold   . . .      Faith    .   (no shield)
rNeg    . . .      Spirit   .   a - +0 robe
rPois   +          Reflect  .   (no helmet)
rElec   .          Harm     .   (no cloak)
rCorr   .          Rampage  .   (no gloves)
Will    .....                   (no barding)
Stlth   ++........              (no amulet)
HPRegen 0.05/turn               (no ring)
MPRegen 0.08/turn               (no ring)

@: very slow
A: AC +0, large, see invisible, deformed body, poison resistance, slowness 2,
spit poison 1, naga tail 1
a: Spit Poison


You were on level 1 of the Dungeon.
You visited 1 branch of the dungeon, and saw 1 of its levels.

You collected 18 gold pieces.

Inventory:

Armour
 a - a +0 robe (worn)
Potions
 b - a potion of magic


   Skills:
 + Level 0.3 Fighting
 - Level 1.5 Dodging
 - Level 3.0 Stealth
 + Level 2.0 Spellcasting
 + Level 4.0 Ice Magic


You had 3 spell levels left.
You knew the following spells:

 Your Spells              Type           Power      Damage    Failure   Level
a - Freeze                Ice            52%        1d7       4%          1

Your spell library contained the following spells:

 Spells                   Type           Power      Damage    Failure   Level
 Frozen Ramparts          Ice            26%        1d4       12%         3
 Ozocubu's Armour         Ice            13%        N/A       12%         3
 Hailstorm                Conj/Ice       7%         3d4       67%         4


Dungeon Overview and Level Annotations

Branches:
Dungeon (1/15)

Altars:


Innate Abilities, Weirdness & Mutations

Your serpentine skin is tough. (AC +0)
You have supernaturally acute eyesight. (SInv)
Armour fits poorly on your strangely shaped body.
Your system is resistant to poisons. (rPois)
You cover ground very slowly.
You can spit poison.
You have a snake-like lower body.


Message History

The kobold hits you with a +0 short sword.
* * * LOW HITPOINT WARNING * * *
You hit the kobold.
The kobold is severely wounded.
The kobold hits you with a +0 short sword.
* * * LOW HITPOINT WARNING * * *
Casting: Freeze (safe; 4% risk of failure)
Confirm with . or Enter, or press ? or * to list all spells.
Aiming: Freeze (safe; 4% risk of failure)
Press: ? - help, Shift-Dir - straight line, f - kobold
Aim: a kobold, wielding a +0 short sword (severely wounded)
You freeze the kobold.
You kill the kobold!
The goblin barely misses you. The goblin barely misses you.
The goblin attacks as you move away! The goblin hits you with a +0 dagger.
* * * LOW HITPOINT WARNING * * *
There is an open door here.
Casting: Freeze (safe; 4% risk of failure)
Confirm with . or Enter, or press ? or * to list all spells.
Aiming: Freeze (safe; 4% risk of failure)
Press: ? - help, Shift-Dir - straight line, f - goblin
Aim: a goblin, wielding a +0 dagger You freeze the goblin.
The goblin is heavily wounded.
The goblin hits you with a +0 dagger.
* * * LOW HITPOINT WARNING * * *
You aren't carrying any scrolls.
Okay, then.
Unknown command.
Unknown command.
You hit the goblin.
You kill the goblin!
You closely miss the kobold. The giant cockroach barely misses you.
The kobold misses you.
You closely miss the kobold. The giant cockroach barely misses you.
The kobold barely misses you.
You closely miss the kobold. The giant cockroach closely misses you.
The kobold hits you with a +0 dagger.
You die...

#...'.⌠.# #....
#...#...# #.#$#+##
##'#######+##.#....#
#...#...#...#......#
#.<.'.⌠.+.⌠.#.#.!..#
#...#...#...#.#....#..
######'###'##..)...?.#
#...#...#K........
#...'...@B).......
#...#...####..#...
######### ..# . ...
.#+# . ..


You could see a giant cockroach and a kobold.

Vanquished Creatures
  2 goblins (D:1)
  A kobold (D:1)
3 creatures vanquished.

Notes
Turn   | Place    | Note
-------+----------+-------------------------------------------
     0 | D:1      | theswoord the Naga Ice Elementalist began the quest for the
                  | Orb.
     0 | D:1      | Reached XP level 1. HP: 15/15 MP: 3/3
    47 | D:1      | Slain by a kobold

Action                   || total
-------------------------++-------
Melee: Unarmed           ||    10
 Cast: Freeze            ||     3
Armor: Robe              ||     1
Dodge: Dodged            ||     7

Levels and vault maps discovered:
D:1:      co_arrival_random_square_maze, layout_basic,
          nicolae_ecumenical_lake_church
